 Dungeon Sprint DCSS version 0.31.0-32-g396128a36d (webtiles) character file.

Game seed: 3311582461202153457

31615 Groucho the Earth Mage (level 13, -3/72 HPs)
             Began as a Deep Elf Earth Elementalist on Mar 15, 2024.
             Was a High Priest of Sif Muna.
             Slain by a lorocyproca (18 damage)
             ... in the Dungeon (Sprint VII: "The Pits").
             The game lasted 00:41:13 (15097 turns).

Groucho the Earth Mage (DEEE)                      Turns: 15097, Time: 00:41:14

Health: -3/72      AC: 18    Str: 11    XL:     13   Next: 26%
Magic:  18/36      EV: 13    Int: 26    God:    Sif Muna [*****.]
Gold:   40         SH:  0    Dex: 15    Spells: 10/46 levels left

rFire   . . .        h - +2 dagger
rCold   . . .        (no shield)
rNeg    . . .        q - +5 ring mail
rPois   .            v - +0 helmet
rElec   .            r - +0 cloak
rCorr   .            (no gloves)
SInv    .            (no boots)
Will    +....        (no amulet)
Stlth   +++          d - +4 ring of protection
HPRegen 0.32/turn    t - +6 ring of strength
MPRegen 0.25/turn

%: no teleportation
@: no status effects
A: no striking features
a: Renounce Religion, Channel Magic, Forget Spell, Divine Exegesis


You were in the Dungeon.
You worshipped Sif Muna.
Sif Muna was extremely pleased with you.
You visited 1 branch You collected 40 gold pieces.

Inventory:

Hand Weapons
 g - a +2 rapier of venom
 h - a +2 dagger (weapon)
 p - a +2 rapier of electrocution
 u - a +1 demon whip of venom
Missiles
 a - 6 javelins
Armour
 q - a +5 ring mail (worn)
 r - a +0 cloak (worn)
 v - a +0 helmet (worn)
Jewellery
 d - a +4 ring of protection (left hand)
 t - a +6 ring of strength (right hand)
 x - a ring of willpower
Scrolls
 e - 6 scrolls of enchant armour
 j - 2 scrolls of vulnerability
 k - 5 scrolls of amnesia
 s - a scroll of poison
 w - 4 scrolls of identify
 y - 2 scrolls of fog
Potions
 b - 3 potions of magic
 c - 3 potions of curing
 f - 2 potions of berserk rage
 i - a potion of invisibility
 m - a potion of haste
 n - 4 potions of mutation
 o - 3 potions of might


   Skills:
 - Level 5.0 Fighting
 - Level 5.0 Short Blades
 - Level 7.0 Armour
 - Level 7.0 Dodging
 - Level 7.0 Stealth
 + Level 17.3 Spellcasting
 * Level 19.9 Conjurations
 + Level 10.4 Necromancy
 * Level 20.1 Earth Magic
 + Level 13.1 Alchemy
 - Level 10.0 Invocations


You had 10 spell levels left.
You knew the following spells:

 Your Spells              Type           Power      Damage    Failure   Level
a - Sandblast             Erth           100%       2d20      0%          1
b - Stone Arrow           Conj/Erth      100%       3d13      0%          3
c - Bombard               Conj/Erth      45%        9d8       1%          6
d - Lehudib's Crystal Sp  Conj/Erth      45%        10d11     9%          8
e - Irradiate             Conj/Alch      41%        3d25      1%          5
f - Lee's Rapid Deconstr  Erth           45%        3d22*     1%          5
g - Petrify               Alch/Erth      83%        N/A       1%          4
h - Leda's Liquefaction   Alch/Erth      41%        N/A       1%          4

Your spell library contained the following spells:

 Spells                   Type           Power      Damage    Failure   Level
 Kiss of Death            Conj/Necr      100%       2d13      0%          1
 Magic Dart               Conj           100%       1d8       0%          1
 Sting                    Conj/Alch      100%       1d9       0%          1
 Searing Ray              Conj           100%       2d8       0%          2
 Passwall                 Erth           91%        N/A       0%          3
 Brom's Barrelling Bould  Conj/Erth      90%        2d10      0%          4
 Necrotise                Necr           100%       1d9       1%          1
 Shock                    Conj/Air       100%       1d9       1%          1
 Static Discharge         Conj/Air       100%       3-8/arc   1%          2
 Dazzling Flash           Conj/Hex       100%       N/A       1%          3
 Fugue of the Fallen      Necr           67%        N/A       1%          3
 Mephitic Cloud           Conj/Alch/Air  68%        N/A       1%          3
 Animate Armour           Summ/Erth      100%       N/A       1%          4
 Animate Dead             Necr           67%        N/A       1%          4
 Dispel Undead            Necr           67%        3d23      1%          4
 Flame Wave               Conj/Fire      65%        2d15      1%          4
 Fulminant Prism          Conj/Alch      41%        3d19      1%          4
 Iskenderun's Mystic Bla  Conj/Tloc      65%        2d13      1%          4
 Iskenderun's Battlesphe  Conj           90%        2d14      1%          5
 Orb of Destruction       Conj           45%        9d12      1%          7
 Arcjolt                  Conj/Air       32%        1d42      2%          5
 Fireball                 Conj/Fire      32%        3d14      2%          5
 Ignite Poison            Fire/Alch      54%        N/A       3%          4
 Sticky Flame             Fire/Alch      54%        2d10      3%          4
 Apportation              Tloc           44%        N/A       4%          1
 Anguish                  Hex/Necr       24%        N/A       5%          4
 Martyr's Knell           Necr/Summ      49%        N/A       5%          4
 Freezing Cloud           Conj/Ice/Air   27%        6-21      9%          5
 Death Channel            Necr           33%        N/A       10%         6
 Conjure Ball Lightning   Conj/Air       32%        3x3d10    12%         6
 Starburst                Conj/Fire      32%        6d10      12%         6
 Frozen Ramparts          Ice            44%        1d7       14%         3
 Inner Flame              Hex/Fire       22%        N/A       14%         3
 Ozocubu's Armour         Ice            22%        N/A       14%         3
 Swiftness                Air            22%        N/A       14%         3
 Volatile Blastmotes      Fire/Tloc      44%        2d13      14%         3
 Dimensional Bullseye     Hex/Tloc       11%        N/A       43%         4
 Manifold Assault         Tloc           22%        N/A       43%         4
 Passage of Golubria      Tloc           22%        N/A       43%         4
 Summon Lightning Spire   Summ/Air       22%        N/A       43%         4
 Vhi's Electric Charge    Tloc/Air       44%        N/A       43%         4
 Sculpt Simulacrum        Ice/Alch       27%        N/A       43%         6
 Metabolic Englaciation   Hex/Ice        11%        N/A       78%         5
 Silence                  Hex/Air        11%        N/A       78%         5
 Summon Forest            Summ/Tloc      11%        N/A       78%         5
 Infestation              Necr           33%        N/A       99%         8
 Plasma Beam              Fire/Air       11%        2x1d22    100%        6
 Chain Lightning          Conj/Air       32%        3d43      100%        9
 Death's Door             Necr           33%        N/A       100%        9


Dungeon Overview and Level Annotations

Branches:
Dungeon (1/1)

Altars:
Ashenzari
Cheibriados
Dithmenos
Elyvilon
Fedhas
Gozag
Hepliaklqana
Kikubaaqudgha
Makhleb
Nemelex Xobeh
Okawaru
Qazlal
Ru
Sif Muna
Trog
Uskayaw
Vehumet
Wu Jian
Xom
Yredelemnul
Zin
The Shining One
Jiyva
Lugonu


Message History

Unknown command.
Something hits you.
* * * LOW HITPOINT WARNING * * *
You feel your power leaking away.
Unknown command.
Unknown command.
You feel better. Something hits you!!
* * * LOW HITPOINT WARNING * * *
You feel your power leaking away.
You feel better. Something hits you.
* * * LOW HITPOINT WARNING * * *
You feel your power leaking away.
Unknown command.
Unknown command.
You don't have enough magic to cast this spell.
As you read the scroll of butterflies, it crumbles to dust.
You hear the flapping of tiny wings.
You swap places.
Something hits your butterfly.
Your butterfly dies!
Your butterfly disappears in a burst of colours!
You swap places.
You feel less invigorated. Something hits your butterfly!!!
Your butterfly dies!
Your butterfly disappears in a burst of colours!
You swap places.
You see here a +0 arbalest.
You swap places.
You swap places.
You swap places.
Something completely misses your butterfly.
There is an open door here.
You see here a +0 morningstar of protection.
You close the door.
You see here a +6 demon whip.
You start resting.
Something unseen breaks down the door.
You start resting.
Your butterfly disappears in a burst of colours!
Something hits you but does no damage.
You start resting.
Something hits you!!
You die...

#..#))'...'))#........#
#..#.)#...#))#...)b...#
#).####.bb#######..#######
#..#...bb..bb#bbbbb...#..)
#..#....bb.)..b.{.........
#..#....b.b..#b..bb...#...
########..##'###b##.####b.####.##
.....).)).#))))#))#.#..#### #)#
....).)...#))))#@)#.'..# +.#
######################## ###
##### ################ '...#
#...........'..#
#...###...........#..#
#...'.##.........##..#
#.).#..###.....####..#
##'##...###...###....#
#...#..รท#.......#....#


There were no monsters in sight!

Vanquished Creatures
  A sphinx (D)
  A deep elf blademaster (D)
  A ghost moth (D)
  A balrug (D)
  2 orc warlords (D)
  3 yaktaur captains (D)
  2 vault guards (D)
  A merfolk avatar (D)
  Erica (D)
  2 alligator snapping turtles (D)
  2 naga warriors (D)
  4 death yaks (D)
  Urug (D)
  A deep elf knight (D)
  A sun demon (D)
  A shadow wraith (D)
  A lindwurm (D)
  10 orc knights (D)
  4 harpies (D)
  A merfolk siren (D)
  A guardian serpent (D)
  A gargoyle (D)
  An orange demon (D)
  4 yaktaurs (D)
  2 kobold demonologists (D)
  2 rime drakes (D)
  A komodo dragon (D)
  A guardian mummy (D)
  An ice devil (D)
  A hellwing (D)
  3 snapping turtles (D)
  2 glass eyes (D)
  A hornet (D)
  4 blink frogs (D)
  2 wraiths (D)
  A wyvern (D)
  2 ynoxinuls (D)
  2 basilisks (D)
  2 wargs (D)
  A sky beast (D)
  2 ice beasts (D)
  A centaur (D)
  A phantom (D)
  4 kobold brigands (D)
  A weeping skull (D)
  2 scorpions (D)
  An earth elemental (D)
  2 quasits (D)
  A crimson imp (D)
  2 jellies (D)
  2 orc priests (D)
  A gnoll bouda (D)
  An iguana (D)
  An iron imp (D)
  An orc wizard (D)
  An adder (D)
  4 gnolls (D)
  An ufetubus (D)
  An adder skeleton (D)
  5 orcs (D)
  2 ball pythons (D)
  A goblin (D)
  4 jackals (D)
  4 kobolds (D)
  A quokka (D)
  A frilled lizard (D)
  A giant cockroach zombie (D)
125 creatures vanquished.

Vanquished Creatures (others)
  An orc wizard (D)
  2 boulders (D)
3 creatures vanquished.

Grand Total: 128 creatures vanquished

Notes
Turn   | Place    | Note
-------+----------+-------------------------------------------
     0 | D        | Groucho the Deep Elf Earth Elementalist began the quest for
                  | the Orb.
     0 | D        | Reached XP level 1. HP: 10/10 MP: 6/6
   186 | D        | Found a bloodstained altar of Trog.
   186 | D        | Found a shimmering blue altar of Sif Muna.
   186 | D        | Found a viscous altar of Jiyva.
   186 | D        | Found a hazy altar of Hepliaklqana.
   186 | D        | Found an opulent altar of Gozag.
   187 | D        | Found a glowing golden altar of the Shining One.
   187 | D        | Found a glowing silver altar of Zin.
   187 | D        | Found a basalt altar of Yredelemnul.
   187 | D        | Found a shimmering altar of Xom.
   187 | D        | Found an ornate altar of the Wu Jian Council.
   187 | D        | Found a sacrificial altar of Ru.
   187 | D        | Found a stormy altar of Qazlal.
   187 | D        | Found an iron altar of Okawaru.
   187 | D        | Found a sparkling altar of Nemelex Xobeh.
   187 | D        | Found a burning altar of Makhleb.
   187 | D        | Found a blossoming altar of Fedhas.
   187 | D        | Found a white marble altar of Elyvilon.
   187 | D        | Found a shadowy altar of Dithmenos.
   187 | D        | Found a snail-covered altar of Cheibriados.
   189 | D        | Found a radiant altar of Vehumet.
   189 | D        | Found a corrupted altar of Lugonu.
   190 | D        | Found a hide-covered altar of Uskayaw.
   190 | D        | Found an ancient bone altar of Kikubaaqudgha.
   190 | D        | Found a broken altar of Ashenzari.
   194 | D        | Became a worshipper of Sif Muna the Loreminder
   203 | D        | Reached skill level 4 in Earth Magic
   205 | D        | Reached XP level 2. HP: 15/15 MP: 4/8
   416 | D        | Reached * piety under Sif Muna
   416 | D        | Noticed a scorpion
   473 | D        | Noticed a crimson imp
   479 | D        | Killed a crimson imp
   480 | D        | Reached skill level 5 in Earth Magic
   480 | D        | Reached skill level 1 in Invocations
   480 | D        | Reached XP level 3. HP: 17/19 MP: 3/11
   644 | D        | Reached ** piety under Sif Muna
   658 | D        | Learned a level 3 spell: Stone Arrow
   697 | D        | Noticed a glass eye
   710 | D        | Reached skill level 5 in Spellcasting
   715 | D        | Reached skill level 5 in Conjurations
   715 | D        | Reached skill level 6 in Earth Magic
   715 | D        | Reached XP level 4. HP: 24/24 MP: 8/13
   715 | D        | Reached *** piety under Sif Muna
   850 | D        | Reached **** piety under Sif Muna
   851 | D        | Reached skill level 7 in Earth Magic
   851 | D        | Reached XP level 5. HP: 15/28 MP: 8/15
   984 | D        | Killed a glass eye
   985 | D        | Reached skill level 9 in Earth Magic
   985 | D        | Reached skill level 5 in Invocations
   985 | D        | Reached XP level 6. HP: 32/32 MP: 11/18
  1161 | D        | Learned a level 4 spell: Petrify
  1177 | D        | Reached ***** piety under Sif Muna
  1515 | D        | Noticed an ice beast
  1520 | D        | Killed an ice beast
  1521 | D        | Reached skill level 1 in Short Blades
  1521 | D        | Reached skill level 1 in Alchemy
  1883 | D        | Noticed a death yak
  1891 | D        | Killed a death yak
  1892 | D        | Reached skill level 5 in Stealth
  1892 | D        | Reached skill level 10 in Conjurations
  1892 | D        | Reached skill level 11 in Earth Magic
  1892 | D        | Reached XP level 7. HP: 36/36 MP: 2/21
  1892 | D        | Reached XP level 8. HP: 41/41 MP: 2/23
  2212 | D        | Learned a level 4 spell: Brom's Barrelling Boulder
  2220 | D        | Received a gift from Sif Muna
  2477 | D        | Learned a level 4 spell: Leda's Liquefaction
  2677 | D        | Noticed a glass eye
  2687 | D        | Noticed a snapping turtle
  2724 | D        | Killed a snapping turtle
  2725 | D        | Reached skill level 5 in Alchemy
  2996 | D        | Reached skill level 10 in Spellcasting
  3265 | D        | Killed a glass eye
  3266 | D        | Reached skill level 5 in Short Blades
  3266 | D        | Reached skill level 12 in Earth Magic
  3398 | D        | Noticed a death yak
  3399 | D        | Noticed a hellwing
  3415 | D        | Killed a death yak
  3416 | D        | Reached skill level 1 in Fighting
  3416 | D        | Reached skill level 1 in Armour
  3416 | D        | Reached XP level 9. HP: 45/48 MP: 6/25
  3426 | D        | Killed a hellwing
  3426 | D        | Received a gift from Sif Muna
  3427 | D        | Got Sif Muna's Directory of Despair {god gift}
  3731 | D        | Reached ****** piety under Sif Muna
  3847 | D        | Noticed a merfolk siren
  3859 | D        | Killed a merfolk siren
  3860 | D        | Reached skill level 13 in Earth Magic
  4141 | D        | Noticed a gargoyle
  4142 | D        | Noticed a rime drake
  4144 | D        | Killed a gargoyle
  4146 | D        | Killed a rime drake
  4147 | D        | Reached skill level 5 in Dodging
  4494 | D        | Noticed Erica
  4494 | D        | Noticed Urug
  4504 | D        | Killed Erica
  4504 | D        | Received a gift from Sif Muna
  4505 | D        | Reached XP level 10. HP: 44/56 MP: 15/27
  4505 | D        | Got Sif Muna's Discourse on Grit and Gusts {god gift}
  4525 | D        | Killed Urug
  4536 | D        | Reached skill level 14 in Earth Magic
  4810 | D        | Learned a level 5 spell: Lee's Rapid Deconstruction
  4939 | D        | Noticed a smoke demon
  5198 | D        | Noticed an orc knight
  5200 | D        | Noticed a merfolk avatar
  5208 | D        | Killed an orc knight
  5213 | D        | Noticed a guardian serpent
  5219 | D        | Received a gift from Sif Muna
  5220 | D        | Killed a merfolk avatar
  5228 | D        | Reached skill level 10 in Invocations
  5231 | D        | Reached skill level 5 in Fighting
  5242 | D        | Reached skill level 15 in Earth Magic
  5243 | D        | Got Sif Muna's Meditations on the Mighty Glacier {god gift}
  5638 | D        | Learned a level 8 spell: Lehudib's Crystal Spear
  5650 | D        | Reached XP level 11. HP: 50/63 MP: 19/29
  5662 | D        | Reached skill level 5 in Armour
  6103 | D        | Killed a shadow wraith
  6103 | D        | Received a gift from Sif Muna
  6104 | D        | Reached skill level 15 in Conjurations
  6104 | D        | Got Pufegit's Directory of Petrified Despair {god gift}
  6407 | D        | Noticed a harpy
  6407 | D        | Noticed a harpy
  6407 | D        | Noticed a harpy
  6407 | D        | Noticed a harpy
  6411 | D        | Noticed a death yak
  6432 | D        | Killed a harpy
  6888 | D        | Killed a death yak
  7340 | D        | Received a gift from Sif Muna
  7861 | D        | Killed a harpy
  7862 | D        | Reached skill level 1 in Necromancy
  7862 | D        | Reached skill level 16 in Earth Magic
  7862 | D        | Killed a harpy
  7880 | D        | Killed a harpy
  7882 | D        | Received a gift from Sif Muna
  7883 | D        | Got Sif Muna's Textbook on Mutable Confrontation {god gift}
  8409 | D        | Noticed a lindwurm
  8423 | D        | Killed a lindwurm
  8423 | D        | Received a gift from Sif Muna
  8424 | D        | Reached skill level 10 in Alchemy
  8424 | D        | Got Sif Muna's Spellbook of Mortuary Destruction {god gift}
  8431 | D        | Learned a level 5 spell: Irradiate
  8767 | D        | Killed a ghost moth
  9239 | D        | Learned a level 6 spell: Bombard
  9785 | D        | Reached skill level 17 in Earth Magic
 10366 | D        | Noticed a sun demon
 10366 | D        | Noticed a death yak
 10370 | D        | Killed a sun demon
 10370 | D        | Received a gift from Sif Muna
 10371 | D        | Reached XP level 12. HP: 68/68 MP: 7/32
 10371 | D        | Got Desunu's Octavo of Shocking Rime {god gift}
 10378 | D        | Killed a death yak
 10379 | D        | Reached skill level 5 in Necromancy
 10780 | D        | Noticed an alligator snapping turtle
 10780 | D        | Noticed an orc warlord
 10781 | D        | Noticed an orc warlord
 10827 | D        | Killed an orc warlord
 10828 | D        | Reached skill level 15 in Spellcasting
 10909 | D        | Noticed an alligator snapping turtle
 10925 | D        | Killed an alligator snapping turtle
 11282 | D        | Killed an alligator snapping turtle
 11283 | D        | Reached skill level 18 in Earth Magic
 11734 | D        | Killed an orc warlord
 11734 | D        | Received a gift from Sif Muna
 11736 | D        | Got Holoreb's Textbook on Left-Handed Rituals and Fumes
                  | {god gift}
 12782 | D        | Noticed a deep elf blademaster
 12793 | D        | Noticed a balrug
 12799 | D        | Killed a balrug
 12799 | D        | Received a gift from Sif Muna
 12799 | D        | Noticed a vault guard
 12800 | D        | Got Sif Muna's Exposition on the Translocational Sphinx
                  | {god gift}
 12818 | D        | Killed a vault guard
 12931 | D        | Killed a deep elf blademaster
 12932 | D        | Reached skill level 19 in Earth Magic
 13382 | D        | Noticed a yaktaur captain
 13385 | D        | Noticed a yaktaur captain
 13386 | D        | Noticed a sphinx
 13520 | D        | Noticed a vault guard
 13545 | D        | Killed a yaktaur captain
 13551 | D        | Killed a vault guard
 13552 | D        | Reached XP level 13. HP: 68/72 MP: 16/35
 13574 | D        | Paralysed by a sphinx for 4 turns
 13579 | D        | Killed a sphinx
 14034 | D        | Received a gift from Sif Muna
 14035 | D        | Got Sif Muna's Thoughts on Fulgent Hail {god gift}
 14430 | D        | Reached skill level 10 in Necromancy
 14998 | D        | Reached skill level 20 in Earth Magic
 15097 | D        | Slain by a lorocyproca

Illustrated notes

Levels and vault maps discovered:
D:        pitsprint [storerooms_1, entrance_room_1, metal_vault_5, armoury_2,
          mini_pit_1, grid_room_1, main_hall_1, silver_pit, the_coven_3,
          the_vestibule_1, steel_vault_1, golden_pit, hallway_of_sentries,
          crystal_vault_1, iron_vault_3, final_vault]

Skill      XL: |  1  2  3  4  5  6  7  8  9 10 11 12 13 |
---------------+----------------------------------------+-----
Conjurations   | 3 4 5 6 8 10 12 13 14 16 19 | 19.9
Earth Magic    | 4 5 6 7 9 11 12 13 15 17 19 20 | 20.1
Spellcasting   | 4 5 6 7 9 10 11 12 14 16 17 | 17.3
Invocations    | 1 2 3 5 6 8 9 10 | 10.0
Short Blades   | 3 5 |  5.0
Stealth        | 5 7 |  7.0
Alchemy        | 3 5 7 8 10 12 13 | 13.1
Fighting       | 1 3 5 |  5.0
Armour         | 1 3 4 6 7 |  7.0
Dodging        | 3 5 7 |  7.0
Necromancy     | 4 9 10 | 10.4

Action                     |  1- 3 |  4- 6 |  7- 9 | 10-12 | 13-15 || total
---------------------------+-------+-------+-------+-------+-------++-------
  Melee: Dagger            |       |     6 |    10 |    71 |     8 ||    95
         Punch             |       |       |       |     1 |       ||     1
   Cast: Sandblast         |    24 |    18 |       |       |       ||    42
         Stone Arrow       |       |    12 |    36 |    78 |       ||   126
         Brom's Barrelling |       |       |     2 |       |       ||     2
         Petrify           |       |       |     8 |    38 |     4 ||    50
         Bombard           |       |       |       |    89 |    21 ||   110
         Irradiate         |       |       |       |     2 |       ||     2
         Lee's Rapid Decon |       |       |       |     1 |       ||     1
 Invoke: Channel Magic     |       |       |     1 |    17 |     2 ||    20
         Forget Spell      |       |       |       |     1 |       ||     1
    Use: Potion            |     2 |     2 |     2 |    18 |     4 ||    28
         Scroll            |     1 |       |       |       |     2 ||     3
   Stab: Petrified         |       |       |    10 |    48 |     3 ||    61
         Petrifying        |       |       |       |     1 |       ||     1
         Invisible         |       |       |       |     3 |       ||     3
 Armour: Robe              |     6 |    11 |     1 |       |       ||    18
         Ring mail         |       |       |    20 |   183 |    19 ||   222
  Dodge: Dodged            |     4 |     9 |    12 |   107 |     5 ||   137
